 Dungeon Crawl Stone Soup version 0.31-a0-303-gdc8c9485ea (webtiles) character file.

Game seed: 18032415844850739546

667 cforsyth the Ruffian (level 8, -4/69 HPs)
             Began as a Meteoran Shapeshifter on July 16, 2023.
             Was a Follower of Okawaru.
             Slain by Prince Ribbit (13 damage)
             ... on level 5 of the Dungeon.
             The game lasted 00:08:42 (1539 turns).

cforsyth the Ruffian (Meteoran Shapeshifter)        Turns: 1539, Time: 00:08:43

Health: -4/69      AC:  8    Str: 18    XL:     8   Next: 12%
Magic:  9/9        EV:  8    Int:  9    God:    Okawaru [*.....]
Gold:   151        SH:  0    Dex: 16    Spells: 7/7 levels left

rFire   . .          .
                       - Unarmed
rCold   . . .        (no shield)
rNeg    . . .        r - +0 chain mail
rPois   .            (helmet currently unavailable)
rElec   .            (cloak currently unavailable)
rCorr   .            (gloves currently unavailable)
SInv    .            (boots currently unavailable)
Will    +....        (no amulet) Stlth
                     (no ring)
HPRegen 0.31/turn    (no ring)
MPRegen 0.11/turn

%: no passive effects
@: beast-form, glowing
A: beast (slay +4), sense surroundings 1, otherworldly, glowing, explore regen
a: Begin Untransformation, Renounce Religion, Heroism


You were on level 5 of the Dungeon.
You worshipped Okawaru.
Okawaru was aware of your devotion.
You were a hulking beast.
You visited 1 branch of the dungeon, and saw 5 of its levels.

You collected 151 gold pieces.

Inventory:

Armour
 a - a +0 animal skin
 r - a +0 chain mail (worn)
Talismans
 c - a beast talisman
Wands
 l - a wand of iceblast (13)
Scrolls
 d - 5 scrolls of identify {unknown}
 h - a scroll of teleportation {unknown}
 i - a scroll of enchant weapon {unknown}
 j - a scroll of enchant armour {unknown}
 k - a scroll of amnesia {unknown}
 n - a scroll of brand weapon {unknown}
 o - a scroll of vulnerability {unknown}
 p - a scroll of torment {unknown}
 q - a scroll of noise {unknown}
 s - a scroll of immolation {unknown}
 t - a scroll of fear {unknown}
Potions
 e - 2 potions of curing {unknown}
 f - a potion of degeneration {unknown}
 g - a potion of cancellation {unknown}
 m - a potion of brilliance {unknown}
 u - a potion of heal wounds {unknown}


   Skills:
 + Level 5.5 Fighting
 - Level 2.4 Dodging
 + Level 6.0 Unarmed Combat
 + Level 5.8 Shapeshifting


You had 7 spell levels left.
You didn't know any spells.
Your spell library contained the following spells:

 Spells                   Type           Power      Damage    Failure   Level
 Poisonous Vapours        Pois/Air       0%         N/A       100%        2
 Mephitic Cloud           Conj/Pois/Air  0%         N/A       100%        3
 Stone Arrow              Conj/Erth      0%         3d7       100%        3
 Freezing Cloud           Conj/Ice/Air   0%         6-21      100%        5
 Lehudib's Crystal Spear  Conj/Erth      0%         10d2      100%        8
 Animate Armour           Summ/Erth      Unusable   N/A       N/A         4

Dungeon Overview and Level Annotations

Branches:
Dungeon (5/15) Zot: 1482
 Temple: D:4-7

Altars:
Fedhas
Okawaru
Qazlal
Vehumet
Xom

Shops:
D:1 :   D:5 =

Annotations:
D:5 Prince Ribbit


Innate Abilities, Weirdness & Mutations

You are a hulking beast.
Your limbs bulge with bestial killing power. (Slay +4)
You passively map a small area around you.
You are easily found by Zot.
You glow in the dark.
You regain HP and MP as you explore.


Message History

You are too injured to fight recklessly!
You are too injured to fight recklessly!
You are too injured to fight recklessly!
You are too injured to fight recklessly!
You are too injured to fight recklessly!
You are too injured to fight recklessly!
You are too injured to fight recklessly!
You are too injured to fight recklessly!
You are too injured to fight recklessly!
You are too injured to fight recklessly!
You miss Prince Ribbit.
Prince Ribbit is heavily wounded.
You feel sick. Prince Ribbit completely misses you.
You punch Prince Ribbit!
Prince Ribbit is severely wounded.
You feel sick. Prince Ribbit barely misses you.
You punch Prince Ribbit!
Prince Ribbit is almost dead.
You feel sick. Prince Ribbit hits you.
* * * LOW HITPOINT WARNING * * *
You hit Prince Ribbit.
Prince Ribbit is almost dead.
You feel sick. Prince Ribbit barely misses you. Prince Ribbit hits you!
* * * LOW HITPOINT WARNING * * *
You barely miss Prince Ribbit.
Prince Ribbit is almost dead.
You feel sick.
You are no longer poisoned.
Prince Ribbit blinks!
You completely miss Prince Ribbit.
Prince Ribbit is almost dead.
Prince Ribbit hits you.
* * * LOW HITPOINT WARNING * * *
You hit Prince Ribbit.
Prince Ribbit is almost dead.
Prince Ribbit blinks! x2
You miss Prince Ribbit.
Prince Ribbit is almost dead.
Prince Ribbit hits you!
You die...

#.# #....# ,#
#.###....# ,
#.......## , * *
#.######### *
#........§ ,
#.######.# *
#.#...##.###* ** ,
#.#........##.#... ,
#.....Fh§.........
#.#......#........ ,
*,#.#..#####.##.#.##
* #.#..# ... .. ,
,#.#..# ..## *.#
...... ,...#*, #
.....$... .... , *
*#.#.#.........,
#.#.#.s#### ,


You could see Prince Ribbit.

Vanquished Creatures
  An ogre (D:5)
  3 phantoms
  2 scorpions (D:5)
  Jessica (D:3)
  An orc wizard (D:5)
  Ijyb (D:3)
  8 adders
  A white imp (D:5)
  2 worms (D:3)
  3 dart slugs
  11 orcs
  5 ball pythons
  7 endoplasms
  3 giant cockroaches
  5 goblins
  6 hobgoblins
  4 jackals (D:4)
  A quokka (D:2)
  8 bats
  6 frilled lizards
  3 kobolds
  6 rats
88 creatures vanquished.

Notes
Turn   | Place    | Note
-------+----------+-------------------------------------------
     0 | D:1      | cforsyth the Meteoran Shapeshifter began the quest for the
                  | Orb.
     0 | D:1      | Reached XP level 1. HP: 17/17 MP: 2/2
    39 | D:1      | Found a faded altar of an unknown god.
    42 | D:1      | Reached XP level 2. HP: 20/25 MP: 3/3
   230 | D:1      | Reached XP level 3. HP: 27/30 MP: 4/4
   235 | D:1      | Found Lifis's Book Shop.
   252 | D:1      | Reached skill level 3 in Unarmed Combat
   335 | D:3      | Noticed Jessica
   440 | D:2      | Reached XP level 4. HP: 25/38 MP: 5/5
   590 | D:4      | Noticed a phantom
   602 | D:3      | Killed a phantom
   603 | D:3      | Reached skill level 4 in Unarmed Combat
   603 | D:3      | Reached XP level 5. HP: 41/46 MP: 6/6
   680 | D:3      | Reached XP level 6. HP: 32/52 MP: 7/7
   711 | D:3      | Noticed Ijyb
   739 | D:3      | Killed Jessica
   749 | D:3      | Killed Ijyb
   861 | D:3      | Found a shimmering altar of Xom.
   885 | D:3      | Reached skill level 5 in Shapeshifting
   957 | D:3      | Found a stormy altar of Qazlal.
  1024 | D:4      | Found an iron altar of Okawaru.
  1032 | D:4      | Became a worshipper of Warmaster Okawaru
  1040 | D:4      | Found a radiant altar of Vehumet.
  1044 | D:5      | Entered Level 5 of the Dungeon
  1095 | D:4      | Reached skill level 5 in Unarmed Combat
  1095 | D:4      | Reached XP level 7. HP: 31/60 MP: 8/8
  1222 | D:4      | Found a blossoming altar of Fedhas.
  1363 | D:5      | Reached skill level 5 in Fighting
  1364 | D:5      | Found Ruomp's Jewellery Boutique.
  1430 | D:5      | Reached XP level 8. HP: 11/69 MP: 9/9
  1510 | D:5      | Noticed Prince Ribbit
  1526 | D:5      | Reached * piety under Okawaru
  1527 | D:5      | Reached skill level 6 in Unarmed Combat
  1539 | D:5      | Slain by Prince Ribbit

Illustrated notes

Levels and vault maps discovered:
D:1:      eino_arrival_druids_welcome, layout_basic,
          nicolae_ecumenical_snake_handling, serial_shops,
          nicolae_shop_tiny_statue_garden
D:2:      layout_basic
D:3:      layout_rooms, grunt_qazlal_clouds, xom_teletrap_fun,
          serial_bayou_pond_e, uniq_ijyb, uniq_jessica
D:4:      layout_layer_cave, overflow_temple_1_default, fiery_altar_vehumet,
          kennysheep_little_box, mainiacjoe_overflow_paths
D:5:      layout_basic, slow_altar_1, nicolae_ru_the_path_less_chosen,
          bloody_makhleb, serial_shops, nicolae_shop_getting_attention,
          nicolae_shop_just_a_little_nook, dreamdust_mushroom_princess,
          uniq_menkaure, uniq_sigmund, uniq_prince_ribbit1

Skill      XL: |  1  2  3  4  5  6  7  8 |
---------------+-------------------------+-----
Unarmed Combat | 3 4 5 6 |  6.0
Shapeshifting  | 4 5 |  5.8
Fighting       | 3 4 5 |  5.5
Dodging        | |  2.4

Action                     |  1- 3 |  4- 6 |  7- 9 || total
---------------------------+-------+-------+-------++-------
  Melee: Unarmed           |    82 |   136 |    89 ||   307
         Punch             |     4 |     5 |     1 ||    10
    Use: Potion            |       |     1 |     1 ||     2
 Armour: Animal skin       |    25 |    20 |     1 ||    46
         Skin              |       |    21 |     8 ||    29
         Chain mail        |       |       |    24 ||    24
  Dodge: Dodged            |    52 |    59 |    29 ||   140

Table legend: (Time is in decaauts)
 A = Elapsed time spent in this place.
 B = Non-inter-level travel time spent in this place.
 C = Inter-level travel time spent in this place.
 D = Time resting spent in this place.
 E = Time spent auto-exploring this place.
 F = Levels seen in this place.
 G = Mean time per level.
                   A        B        C        D        E       F      G
               +--------+--------+--------+--------+--------+-----+--------+
         Total |   1516 |   1507 |      9 |     50 |      0 |   5 |  303.2 |
       Dungeon |   1516 |   1507 |      9 |     50 |      0 |   5 |  303.2 |
               +--------+--------+--------+--------+--------+-----+--------+

Top non-repeatable levels by time:
     D:3: 451 daAuts
     D:4: 317 daAuts
     D:1: 311 daAuts
     D:2: 230 daAuts
     D:5: 205 daAuts
